 Dungeon Crawl Stone Soup version 0.31-a0-1612-g4aaf141004 (webtiles) character file.

Game seed: 5255481413240899083

100403 Sp3rw3r the Severer (level 15, -8/141 HPs)
             Began as a Minotaur Fighter on Jan 9, 2024.
             Was a Believer of Ashenzari.
             Killed from afar by a raiju (14 damage)
             ... with a living lightning
             ... on level 3 of the Abyss.
             The game lasted 01:20:22 (12169 turns).

Sp3rw3r the Severer (Minotaur Fighter)             Turns: 12169, Time: 01:20:24

Health: -8/141     AC: 31    Str: 26    XL:     15   Next: 80%
Magic:  14/14      EV: 15    Int:  7    God:    Ashenzari [**....]
Gold:   31         SH: 10    Dex: 10    Spells: 14/14 levels left

rFire   . . .        a - +0 war axe
rCold   + . .        s - +3 buckler
rNeg    . . .        b - +4 plate armour {rPois}
rPois   +            (helmet restricted)
rElec   .            i - +2 cloak "Circumscribed With Me" {Cun, Self} (curse)
rCorr   .            n - +2 pair of gloves of the Tethered Sky {Range, Cun} (curse)
SInv    +            K - +2 pair of boots "Yoke of the All-Knowing" {Comp, Melee} (curse)
Will    +....        m - amulet of regeneration Stlth
                     q - ring of protection from cold
HPRegen 1.23/turn    F - ring "Sublime Water Diviner" {EV+5, Self, Fort} (curse)
MPRegen 0.14/turn

%: no passive effects
@: about to teleport, invisible
A: horns 2, retaliatory headbutt
a: Renounce Religion, Curse Item, Shatter the Chains


You were on level 3 of the Abyss.
You worshipped Ashenzari.
Ashenzari was pleased with you.
You visited 3 branches of the dungeon, and saw 13 of its levels.
You visited the Abyss 1 time.
You also visited: Sewer and Bailey.

You collected 1148 gold pieces.
You spent 1117 gold pieces at shops.

Inventory:

Hand Weapons
 a - a +0 war axe (weapon)
 D - the +2 sling of Defilement {antimagic, rC+ Str-3 Int+5}
   (You found it on level 6 of the Dungeon)

   Str-3:     It affects your strength (-3).
   Int+5:     It affects your intelligence (+5).
   rC+:       It protects you from cold.
 G - the +5 dagger "Ettoll" {heavy, rF++ Stlth+}
   (You found it on level 1 of the Orcish Mines)

   rF++:      It greatly protects you from fire.
   Stlth+:    It makes you more stealthy.
 Y - a +1 orcbow of draining
 Z - a +2 great mace of protection
Missiles
 o - a throwing net (quivered)
 C - a poisoned dart
 H - 8 boomerangs
 S - 6 darts of dispersal
Armour
 b - a +4 plate armour of poison resistance (worn)
 i - the cursed +2 cloak "Circumscribed With Me" (worn) {Cun, Self}
   (You took it off Crazy Yiuf on level 2 of the Dungeon)

   It has a curse which improves the following skills: Cunning: Dodging and
   Stealth.
   Introspection: Fighting and Spellcasting.
 n - the cursed +2 pair of gloves of the Tethered Sky (worn) {Range, Cun}
   (You found it on level 3 of the Dungeon)

   It has a curse which improves the following skills: Ranged Combat: Ranged
   Weapons and Throwing.
   Cunning:   Dodging and Stealth.
 r - an orb of energy
 s - a +3 buckler (worn)
 K - the cursed +2 pair of boots "Yoke of the All-Knowing" (worn) {Comp, Melee}
   (You bought it in a shop on level 5 of the Dungeon)

   It has a curse which improves the following skills: Companions: Summonings
   and Necromancy.
   Melee Combat: Short Blades, Long Blades, Axes, Maces & Flails, Polearms,
   Staves and Unarmed Combat.
 U - the +0 robe of Unambiguity {rElec rPois Str+3 Slay+2}
   (You found it on level 9 of the Dungeon)

   Str+3:     It affects your strength (+3).
   Slay+2:    It affects your accuracy & damage with ranged weapons and melee
   (+2).
   rElec:     It insulates you from electricity.
   rPois:     It protects you from poison
Magical Staves
 f - a staff of alchemy
 X - a staff of air
Jewellery
 m - an amulet of regeneration (around neck)
 q - a ring of protection from cold (left hand)
 w - an amulet of magic regeneration
 F - the cursed ring "Sublime Water Diviner" (right hand) {EV+5, Self, Fort}
   (You bought it in a shop on level 2 of the Orcish Mines)

   [ring of evasion]

   EV+5:      It affects your evasion (+5).
   It has a curse which improves the following skills: Introspection: Fighting
   and Spellcasting.
   Fortitude: Armour and Shields.
Wands
 p - a wand of polymorph (7)
 x - a wand of acid (5)
 y - a wand of iceblast (15)
 V - a wand of charming (19)
Scrolls
 k - 2 scrolls of vulnerability
 v - 4 scrolls of teleportation
 B - 3 scrolls of amnesia
 E - a scroll of revelation
 I - a scroll of poison
 J - a scroll of blinking
 L - a scroll of silence
 N - a scroll of fog
 T - 3 scrolls of fear
 W - a scroll of immolation
Potions
 c - 2 potions of mutation
 g - 6 potions of brilliance
 t - a potion of invisibility
 u - 4 potions of haste
 M - a potion of cancellation
 O - a potion of resistance
 Q - 2 potions of magic
 R - a potion of attraction


   Skills:
 + Level 13.6(15.2) Fighting
 + Level 17.5(18.6) Axes
 * Level 6.2(7.3) Ranged Weapons
 + Level 3.2(4.2) Throwing
 + Level 13.9(15.0) Armour
 + Level 5.9(7.6) Dodging
 * Level 5.3(7.0) Stealth
 + Level 11.7(12.8) Shields


You had 14 spell levels left.
You didn't know any spells.
Your spell library contained the following spells:

 Spells                   Type           Power      Damage    Failure   Level
 Sandblast                Erth           0%         2d4       98%         1
 Dazzling Flash           Conj/Hex       0%         N/A       100%        3
 Passwall                 Erth           0%         N/A       100%        3
 Stone Arrow              Conj/Erth      0%         3d7       100%        3
 Volatile Blastmotes      Fire/Tloc      0%         2d10      100%        3
 Anguish                  Hex/Necr       0%         N/A       100%        4
 Brom's Barrelling Bould  Conj/Erth      0%         2d3       100%        4
 Cause Fear               Hex            0%         N/A       100%        4
 Ignite Poison            Fire/Alch      0%         N/A       100%        4
 Sticky Flame             Fire/Alch      0%         2d4       100%        4
 Starburst                Conj/Fire      0%         6d3       100%        6
 Enfeeble                 Hex            0%         N/A       100%        7
 Ignition                 Fire           0%         3d3       100%        8
 Maxwell's Capacitive Co  Air            0%         ∞         100%        8


Dungeon Overview and Level Annotations

Branches:
Dungeon (10/15)            Temple (0/1) D:7            Lair (0/5) D:10
    Orc (2/2) D:10            Elf (1/3) Orc:2         Sewer (visited)
 Bailey (visited)

Altars:
Ashenzari
Makhleb
Okawaru
Qazlal
Uskayaw
Vehumet
Yredelemnul

Shops:
D:5 [   Orc:1 *   Orc:2 [?[*


Innate Abilities, Weirdness & Mutations

You have a pair of horns on your head.
You reflexively headbutt those who attack you in melee.


Message History

The raiju is lightly wounded.
You hit the raiju. You miss the raiju. Your headbutt misses the raiju.
The raiju is lightly wounded.
You slash the raiju! The raiju bites you!
* * * LOW HITPOINT WARNING * * *
The raiju shocks you!
* * * LOW HITPOINT WARNING * * *
You block the raiju's attack.
You feel better. You block the raiju's attack.
The raiju bursts into living lightning!
The living lightning hits you!
* * * LOW HITPOINT WARNING * * *
The raiju blinks!
You slash the raiju! Your headbutt misses the raiju.
The raiju is heavily wounded.
You slash the raiju! The raiju closely misses you.
The raiju bursts into living lightning!
The living lightning hits you!
* * * LOW HITPOINT WARNING * * *
The raiju blinks!
You feel more experienced!
Your base Ranged Weapons skill increases to level 5!
Your base Stealth skill increases to level 4!
You have reached level 14!
The orange demon barely misses you.
The raiju bursts into living lightning!
The living lightning misses you.
The raiju blinks!
You feel more experienced!
Your base Ranged Weapons skill increases to level 6!
Your base Stealth skill increases to level 5!
You have reached level 15!
Your experience leads to an increase in your attributes!
Increase (S)trength, (I)ntelligence, or (D)exterity?
You feel clever. x2
You block the orange demon's attack. The raiju barely misses you.
The raiju bursts into living lightning!
The living lightning hits the Hell Sentinel.
The Hell Sentinel completely resists.
The living lightning hits you!
You die...

.. # . . .. .#
.. .. . .
.##... # #....
. . # ## .## .
### .###.... #
#@######.X.. #
...
#h1hX.....w.#1X
##4X#.#....##.§
{#3.... .#.#
.## {##.#####
...#..# ## .. .
#.### # #......
†##.# ..
#########.. #
.... ##


You could see a Hell Sentinel, a tentacled starspawn (unable to see you), an
orange demon (unable to see you), a large abomination (unable to see you), a
smoke demon (unable to see you) and 2 raiju.

Vanquished Creatures
  A bone dragon (Abyss:3)
  A lich (Abyss:3)
  Kirke (Elf:1)
  An ettin (Orc:2)
  2 ogre magi (Orc:2)
  12 two-headed ogres
  3 dancing weapons (Elf:1)
  A demonic crawler (Abyss:3)
  A soul eater (Abyss:3)
  A deep elf knight (Elf:1)
  2 sixfirhies (Abyss:3)
  2 deep trolls (Orc:2)
  A deep elf archer (Elf:1)
  A large abomination (Abyss:3)
  6 deep elf pyromancers (Elf:1)
  An orc knight (Bailey)
  2 orc sorcerers
  10 deep elf zephyrmancers
  3 cyclopes (Orc:2)
  2 elephants (D:10)
  2 orange demons (Abyss:3)
  A komodo dragon (D:10)
  A polar bear (shapeshifter) (Elf:1)
  8 trolls (Orc:2)
  4 raiju (Abyss:3)
  An air elemental (Elf:1)
  A shadow (D:9)
  A ynoxinul (Abyss:3)
  2 hogs (Elf:1)
  6 yaks (D:9)
  3 steam dragons
  3 wargs
  3 ice beasts
  6 orc warriors
  A sky beast (D:7)
  2 black bears
  23 ogres
  4 centaurs
  2 phantoms
  6 bullfrogs
  A kobold brigand (D:7)
  3 scorpions
  5 wights (D:8)
  5 killer bees (D:8)
  4 howler monkeys
  2 bombardier beetles
  2 jellies
  A quasit (Abyss:3)
  5 hounds
  15 orc priests
  Crazy Yiuf (D:2)
  3 sleepcaps
  3 iguanas
  Jessica (D:2)
  A gnoll bouda (D:8)
  Ijyb (D:5)
  15 orc wizards
  21 gnolls
  7 river rats
  11 adders
  A shadow imp (D:5)
  3 white imps
  4 ufetubi
  2 ribbon worms (D:5)
  50 orcs
  8 bats
  6 endoplasms
  2 giant cockroaches
  8 goblins
  2 hobgoblins
  12 kobolds
  4 quokkas (D:1)
  17 ball pythons
  6 frilled lizards
  21 rats
387 creatures vanquished.

Vanquished Creatures (others)
  A deep elf knight (Elf:1)
  2 starspawn tentacles (Abyss:3)
3 creatures vanquished.

Grand Total: 390 creatures vanquished

Notes
Turn   | Place    | Note
-------+----------+-------------------------------------------
     0 | D:1      | Sp3rw3r the Minotaur Fighter began the quest for the Orb.
     0 | D:1      | Reached XP level 1. HP: 19/19 MP: 0/0
   115 | D:1      | Reached XP level 2. HP: 26/27 MP: 1/1
   813 | D:2      | Reached XP level 3. HP: 33/33 MP: 2/2
   882 | D:2      | Found a runed translucent door.
   883 | D:2      | Noticed Crazy Yiuf
   933 | D:2      | Reached skill level 3 in Axes
   955 | D:2      | Noticed Jessica
   964 | D:2      | Killed Jessica
   965 | D:2      | Reached XP level 4. HP: 22/40 MP: 3/3
  1273 | D:2      | Killed Crazy Yiuf
  1274 | D:2      | Reached skill level 4 in Axes
  1402 | D:3      | Noticed a phantom
  1408 | D:3      | Killed a phantom
  1409 | D:3      | Reached skill level 5 in Armour
  1409 | D:3      | Reached XP level 5. HP: 46/46 MP: 4/4
  1464 | D:3      | Found an iron altar of Okawaru.
  1640 | D:3      | Reached skill level 5 in Axes
  2352 | D:4      | Reached XP level 6. HP: 52/53 MP: 5/5
  3097 | D:5      | Entered Level 5 of the Dungeon
  3097 | D:5      | Noticed Ijyb
  3097 | D:5      | Noticed an ice beast
  3099 | D:5      | Found Xiotsotz's Armour Shoppe.
  3106 | D:5      | Reached skill level 1 in Dodging
  3115 | D:5      | Killed Ijyb
  3116 | D:5      | Reached skill level 6 in Axes
  3122 | D:5      | Killed an ice beast
  3123 | D:5      | Reached skill level 5 in Fighting
  3123 | D:5      | Reached XP level 7. HP: 20/61 MP: 6/6
  3467 | D:5      | Reached skill level 7 in Axes
  3626 | D:5      | Found a glowing drain.
  3650 | Sewer    | Entered a sewer
  3851 | Sewer    | Reached XP level 8. HP: 31/69 MP: 7/7
  4438 | D:5      | Reached skill level 8 in Axes
  4616 | D:6      | Reached skill level 5 in Shields
  4684 | D:6      | Reached skill level 1 in Stealth
  4954 | D:6      | Reached skill level 9 in Axes
  4985 | D:6      | Identified the +2 sling of Defilement {antimagic, rC+ Str-3
                  | Int+5}
  4998 | D:6      | Found a stormy altar of Qazlal.
  5023 | D:6      | Found a burning altar of Makhleb.
  5419 | D:7      | Found a broken altar of Ashenzari.
  5423 | D:7      | Became a worshipper of Ashenzari the Shackled
  5462 | D:7      | Reached XP level 9. HP: 75/78 MP: 8/8
  6376 | D:7      | Reached skill level 10 in Axes
  6432 | D:7      | Found a staircase to the Ecumenical Temple.
  6913 | D:8      | Found a hide-covered altar of Uskayaw.
  6976 | D:8      | Reached * piety under Ashenzari
  7514 | D:5      | Bought a +2 pair of boots for 231 gold pieces
  7656 | D:9      | Found a flagged portal.
  7656 | D:9      | Noticed a two-headed ogre
  7668 | D:9      | Killed a two-headed ogre
  7669 | D:9      | Reached skill level 11 in Axes
  7669 | D:9      | Reached XP level 10. HP: 72/90 MP: 9/9
  7724 | D:9      | Found a radiant altar of Vehumet.
  7879 | Bailey   | Entered a bailey
  8015 | Bailey   | Noticed an orc knight
  8029 | Bailey   | Killed an orc knight
  8336 | D:9      | Noticed a two-headed ogre
  8360 | D:9      | Killed a two-headed ogre
  8361 | D:9      | Reached skill level 12 in Axes
  8368 | D:9      | Reached skill level 10 in Armour
  8430 | D:9      | Identified the +0 robe of Unambiguity {rElec rPois Str+3
                  | Slay+2}
  8949 | D:10     | Entered Level 10 of the Dungeon
  8992 | D:10     | Noticed a two-headed ogre
  9005 | D:10     | Noticed an elephant
  9014 | D:10     | Killed a two-headed ogre
  9026 | D:10     | Killed an elephant
  9027 | D:10     | Reached skill level 13 in Axes
  9027 | D:10     | Reached XP level 11. HP: 51/99 MP: 10/10
  9040 | D:10     | Noticed a two-headed ogre
  9060 | D:10     | Killed a two-headed ogre
  9136 | D:10     | Found a staircase to the Orcish Mines.
  9245 | D:10     | Found a staircase to the Lair.
  9285 | D:10     | Found a basalt altar of Yredelemnul.
  9417 | Orc:1    | Entered Level 1 of the Orcish Mines
  9417 | Orc:1    | Noticed an orc sorcerer
  9425 | Orc:1    | Killed an orc sorcerer
  9603 | Orc:1    | Found Lorodd's CLEARANCE SALE!.
  9611 | Orc:1    | Bought a +4 plate armour of poison resistance for 329 gold
                  | pieces
  9623 | Orc:1    | Reached ** piety under Ashenzari
  9646 | Orc:1    | Reached skill level 5 in Dodging
  9737 | Orc:1    | Identified the +5 dagger "Ettoll" {heavy, rF++ Stlth+}
  9914 | Orc:2    | Entered Level 2 of the Orcish Mines
  9970 | Orc:2    | Reached skill level 14 in Axes
 10111 | Orc:2    | Noticed an orc sorcerer
 10121 | Orc:2    | Killed an orc sorcerer
 10127 | Orc:2    | Noticed a two-headed ogre
 10137 | Orc:2    | Killed a two-headed ogre
 10138 | Orc:2    | Reached skill level 10 in Fighting
 10142 | Orc:2    | Noticed a two-headed ogre
 10149 | Orc:2    | Noticed a two-headed ogre
 10155 | Orc:2    | Killed a two-headed ogre
 10165 | Orc:2    | Killed a two-headed ogre
 10178 | Orc:2    | Noticed an ettin
 10183 | Orc:2    | Found a staircase to the Elven Halls.
 10183 | Orc:2    | Noticed a two-headed ogre
 10183 | Orc:2    | Noticed an ogre mage
 10218 | Orc:2    | Reached skill level 15 in Axes
 10221 | Orc:2    | Killed an ettin
 10227 | Orc:2    | Reached XP level 12. HP: 56/110 MP: 11/11
 10240 | Orc:2    | Killed a two-headed ogre
 10248 | Orc:2    | Killed an ogre mage
 10263 | Orc:2    | Noticed a two-headed ogre
 10264 | Orc:2    | Noticed a two-headed ogre
 10266 | Orc:2    | Noticed a two-headed ogre
 10290 | Orc:2    | Killed a two-headed ogre
 10293 | Orc:2    | Killed a two-headed ogre
 10326 | Orc:2    | Killed a two-headed ogre
 10416 | Orc:2    | Noticed a two-headed ogre
 10433 | Orc:2    | Killed a two-headed ogre
 10434 | Orc:2    | Reached skill level 16 in Axes
 10434 | Orc:2    | Reached skill level 1 in Throwing
 10452 | Orc:2    | Noticed an ogre mage
 10484 | Orc:2    | Reached skill level 10 in Shields
 10487 | Orc:2    | Killed an ogre mage
 10544 | Orc:2    | Found Fatoce's Antique Armour Boutique.
 10553 | Orc:2    | Found Suaj's Armour Boutique.
 10553 | Orc:2    | Found Rammeto's Assorted Antiques.
 10563 | Orc:2    | Found Ritad's Magic Scroll Shop.
 10602 | Orc:2    | Bought a white potion for 31 gold pieces
 10602 | Orc:2    | Bought a moonstone ring for 175 gold pieces
 10602 | Orc:2    | Bought a potion of curing for 105 gold pieces
 10608 | Orc:2    | Bought a scroll of silence for 114 gold pieces
 10608 | Orc:2    | Bought a scroll of teleportation for 36 gold pieces
 10608 | Orc:2    | Bought a scroll of fear for 48 gold pieces
 10608 | Orc:2    | Bought a scroll of fog for 48 gold pieces
 10842 | Elf:1    | Entered Level 1 of the Elven Halls
 11012 | Elf:1    | Noticed Kirke
 11026 | Elf:1    | Noticed a sphinx
 11030 | Elf:1    | Killed Kirke
 11167 | Elf:1    | Paralysed by an air elemental for 1 turns
 11171 | Elf:1    | Paralysed by an air elemental for 1 turns
 11259 | Elf:1    | Reached XP level 13. HP: 122/122 MP: 12/12
 11342 | Elf:1    | Reached skill level 1 in Ranged Weapons
 11834 | Elf:1    | Noticed a deep elf sorcerer
 11856 | Elf:1    | Reached skill level 17 in Axes
 11856 | Abyss:3  | Cast into level 3 of the Abyss (a deep elf sorcerer)
 11961 | Abyss:3  | Noticed a lich
 11985 | Abyss:3  | Killed a lich
 12059 | Abyss:3  | Noticed a bone dragon
 12081 | Abyss:3  | Killed a bone dragon
 12115 | Abyss:3  | Noticed a Hell Sentinel
 12154 | Abyss:3  | Noticed a tentacled starspawn
 12167 | Abyss:3  | HP: 3/125 [raiju/living lightning (11)]
 12168 | Abyss:3  | Reached skill level 5 in Ranged Weapons
 12168 | Abyss:3  | Reached XP level 14. HP: 3/135 MP: 13/13
 12169 | Abyss:3  | Reached skill level 5 in Stealth
 12169 | Abyss:3  | Reached XP level 15. HP: 5/141 MP: 14/14
 12169 | Abyss:3  | Killed from afar by a raiju

Illustrated notes

Levels and vault maps discovered:
D:1:      amcnicky_arrival_gap_in_the_tavern_cellar, layout_rooms, minivault_27,
          nicolae_concentric_dashed_squares_wild
D:2:      layout_loops_cross, minmay_tetromino_o4, uniq_jessica,
          uniq_crazy_yiuf_cottage
D:3:      layout_loops_ring, mainiacjoe_overflow_small_starburst,
          kennysheep_cross_bottleneck
D:4:      layout_loops_ring, minmay_bisected
D:5:      layout_loops_corners, serial_shops, nicolae_shop_waterfront,
          portal_sewer_entry_b, uniq_ijyb
D:6:      layout_cave_pools, makhleb_heckhound_becter,
          mainiacjoe_overflow_boulevard
D:7:      layout_basic, nicolae_ashenzari_skybound,
          minmay_temple_entry_stoned_glass
D:8:      layout_cave_pools, old_standard_altar
D:9:      layout_basic, nicolae_vehumet_radiance, enter_bailey_2
D:10:     layout_roguey, old_standard_altar, grunt_lair_entry_orc_guard_hut,
          erik_orc_4, serial_shops, nicolae_stop_n_shop_1
Orc:1:    layout_caves, nicolae_orc_sculptors_studio, nicolae_shop_clearance
Orc:2:    st_orc_open, layout_caves
Elf:1:    eino_elf_arrival_sip, layout_onion_city, uniq_kirke
Abyss:3:  base: D:14, gammafunk_corrupted_shrine, evilmike_abyss_exit_15

Skill      XL: |  1  2  3  4  5  6  7  8  9 10 11 12 13 14 |
---------------+-------------------------------------------+-----
Armour         | 4 5 6 7 9 10 11 12 13 | 13.9
Shields        | 4 5 7 9 10 11 | 11.7
Fighting       | 4 5 6 8 9 10 11 13 | 13.6
Axes           | 3 4 5 6 7 9 11 13 15 16 17 | 17.5
Dodging        | 1 2 3 4 5 |  5.9
Stealth        | 1 4 5 |  5.3
Throwing       | 2 3 |  3.2
Ranged Weapons | 5 6 |  6.2

Action                     |  1- 3 |  4- 6 |  7- 9 | 10-12 | 13-15 || total
---------------------------+-------+-------+-------+-------+-------++-------
  Melee: War axe           |    66 |    93 |   330 |   519 |   204 ||  1212
         Headbutt          |     3 |    14 |    51 |   108 |    41 ||   217
   Fire: Sling             |       |       |       |     1 |       ||     1
  Throw: Dart              |       |       |       |     8 |       ||     8
         Boomerang         |       |       |       |    13 |       ||    13
 Invoke: Curse Item        |       |       |     2 |     2 |       ||     4
  Evoke: Wand              |       |       |       |       |     1 ||     1
    Use: Scroll            |       |       |    19 |       |     1 ||    20
         Potion            |       |       |     2 |     8 |    12 ||    22
 Armour: Scale mail        |    53 |    83 |   229 |       |       ||   365
         Chain mail        |       |       |    33 |   135 |       ||   168
         Plate armour      |       |       |       |   226 |   185 ||   411
  Dodge: Dodged            |    32 |    40 |   161 |   182 |   124 ||   539
  Block: Buckler           |    11 |    25 |   144 |   207 |    82 ||   469

Table legend: (Time is in decaauts)
 A = Elapsed time spent in this place.
 B = Non-inter-level travel time spent in this place.
 C = Inter-level travel time spent in this place.
 D = Time resting spent in this place.
 E = Time spent auto-exploring this place.
 F = Levels seen in this place.
 G = Mean time per level.
                   A        B        C        D        E       F      G
               +--------+--------+--------+--------+--------+-----+--------+
         Total |  12156 |  11380 |    776 |    552 |   7366 |  16 |  759.8 |
       Dungeon |   8788 |   8086 |    702 |    339 |   5622 |  10 |  878.8 |
  Orcish Mines |   1486 |   1412 |     74 |     80 |    758 |   2 |  743.0 |
   Elven Halls |    850 |    850 |      0 |      0 |    525 |   1 |  850.0 |
         Abyss |    280 |    280 |      0 |    133 |      0 |   1 |  280.0 |
         Sewer |    435 |    435 |      0 |      0 |    318 |   1 |  435.0 |
        Bailey |    315 |    315 |      0 |      0 |    142 |   1 |  315.0 |
               +--------+--------+--------+--------+--------+-----+--------+

Top non-repeatable levels by time:
     D:7: 1499 daAuts
     D:5: 1424 daAuts
     D:3: 1123 daAuts
     D:9: 1031 daAuts
   Orc:2: 997 daAuts
     D:2: 919 daAuts
   Elf:1: 850 daAuts
     D:4: 783 daAuts
     D:6: 680 daAuts
     D:1: 606 daAuts
   Orc:1: 488 daAuts
    D:10: 456 daAuts
   Sewer: 435 daAuts
  Bailey: 315 daAuts
 Abyss:3: 280 daAuts
